Cogmind - Beta 15 @@@ ROGUE MODE // 2025.08.03 @ 05:19:57 Player: EYE-VY Result: Destroyed by H-81 Overseer with Heavy Linear Accelerator Performance ------------- Evolutions (8) 4000 Regions Visited (13) 2600 Robots Destroyed (96) 480 Value Destroyed (4641) 4641 Prototype IDs (12) 240 Alien Tech Used (0) 0 Bonus (1098) 1098 TOTAL SCORE: 13059 Bonus ------- Follower Combat Kills 715 Network Hubs Disabled 400 Friendly Fire -17 Cogmind --------- Core Integrity 0/1450 Matter 109/300 Energy 150/150 System Corruption 9% Temperature Cool (2) Movement Flying (45) Location -2/Research Parts ------- > --- POWER (2) -------- Micro Antimatter Reactor > --- PROPULSION (8) --- Impulse Thruster Array > --- UTILITY (10) ----- Advanced Signal Interpreter Advanced Targeting Computer Experimental Melee Analysis Suite Advanced Target Analyzer Core Analyzer > --- WEAPON (3) ------- (None) > --- INVENTORY (5) ---- Quantum Reactor Thunder Leg Centrium Leg Advanced Kinecellerator Improved Plasma Cutter Peak State ------------ > --- POWER ------------ Particle Reactor Light Quantum Reactor > --- PROPULSION ------- Centrium Leg Impulse Thruster Impulse Thruster Array Impulse Thruster Array Impulse Thruster Array > --- UTILITY ---------- Advanced Weight Redist. System Machine Analyzer Enhanced Optical Array Advanced Signal Interpreter Advanced Targeting Computer Advanced Targeting Computer Advanced Targeting Computer Improved Target Analyzer Graphene Brace Advanced Force Field > --- WEAPON ----------- Tesla Rifle Tesla Rifle Enhanced Nova Cannon > --- INVENTORY -------- Myomer Leg Biometal Leg Improved Q-thruster Advanced Micro-nuke Launcher Improved Plasma Cutter [Rating: 151] Favorites ----------- Power Improved Ion Engine Engine Improved Ion Engine Power Core Light Fission Core Reactor Quantum Reactor Propulsion Light Treads Treads Light Treads Leg Enhanced Armored Leg Hover Unit Antigrav Array Flight Unit Impulse Thruster Array Utility Advanced Signal Interpreter Device Advanced Heat Sink Storage Medium Storage Unit Processor Advanced Signal Interpreter Hackware Hacking Suite Protection Makeshift Light Armor Plating Weapon Subdweller Beam Cannon Energy Gun Advanced Variable Charge Gun Energy Cannon Subdweller Beam Cannon Ballistic Gun Battle Rifle Ballistic Cannon Enhanced Gauss Cannon Launcher Grenade Launcher Special Weapon Improved Plasma Cutter Slashing Weapon Mining Claw Build | -11 -10 -10 -9 -9 -6 -6 -6 -6 -6 -5 -4 -3 -2 ------- Run | Yrd Mat Sub Rec Scr Fac Ext Cet Arc Hub Fac Fac Res Res Slots Evolved 16 | . . . . . 8 . . . . 2 2 2 2 Power 1 | . . . . . 1 . . . . . . . . Propulsion 6 | . . . . . 2 . . . . 1 . 1 2 Utility 8 | . . . . . 4 . . . . 1 2 1 . Weapon 1 | . . . . . 1 . . . . . . . . Parts Attached 164 | 7 3 9 5 . 16 20 6 5 3 28 9 14 39 Power 25 | 1 1 1 1 . 3 4 2 1 1 2 . 2 6 Engine 8 | 1 1 1 1 . 2 2 . . . . . . . Core 5 | . . . . . 1 1 . 1 . 2 . . . Reactor 12 | . . . . . . 1 2 . 1 . . 2 6 Propulsion 47 | 2 1 2 2 . 3 5 1 4 . 8 4 4 11 Treads 19 | . . 2 2 . 3 5 1 4 . 1 1 . . Leg 16 | 2 1 . . . . . . . . 7 3 . 3 Wheel . | . . . . . . . . . . . . . . Hover 1 | . . . . . . . . . . . . 1 . Flight 11 | . . . . . . . . . . . . 3 8 Utility 52 | 1 1 1 2 . 7 7 1 . 1 13 2 5 11 Device 26 | . 1 . . . 2 5 . . . 7 1 4 6 Storage 4 | 1 . . 1 . 1 . . . . 1 . . . Processor 13 | . . . . . 2 . . . 1 4 . 1 5 Hackware 1 | . . . . . 1 . . . . . . . . Protection 8 | . . 1 1 . 1 2 1 . . 1 1 . . Artifact . | . . . . . . . . . . . . . . Weapon 40 | 3 . 5 . . 3 4 2 . 1 5 3 3 11 Energy Gun 10 | . . . . . 1 1 1 . . 1 . 1 5 Energy Cannon 11 | . . 1 . . 1 1 1 . . 2 1 1 3 Ballistic Gun 14 | 3 . 2 . . 1 2 . . 1 2 . . 3 Ballistic Cannon 1 | . . . . . . . . . . . 1 . . Launcher 2 | . . 1 . . . . . . . . . 1 . Special Weapon 1 | . . . . . . . . . . . 1 . . Impact Weapon . | . . . . . . . . . . . . . . Slashing Weapon 1 | . . 1 . . . . . . . . . . . Piercing Weapon . | . . . . . . . . . . . . . . Special Melee Weapon . | . . . . . . . . . . . . . . Unidentified Prototypes 12 | . . . . . . . 3 . 1 2 . 1 5 Parts Lost 74 | . . . 1 . . 6 . . . 25 7 4 31 Power 10 | . . . . . . 1 . . . 5 . . 4 Propulsion 24 | . . . . . . 2 . . . 8 3 . 11 Utility 17 | . . . 1 . . 2 . . . 5 3 2 4 Weapon 23 | . . . . . . 1 . . . 7 1 2 12 Highest Loss Streak 20 | . . . 1 . . 3 . . . 20 7 4 16 To Critical Strikes . | . . . . . . . . . . . . . . Average Backups 9 | 2 6 7 8 10 8 9 9 10 10 13 6 3 4 Power . | . 1 1 . 1 . 1 2 2 1 . . . . Propulsion 1 | . 2 1 1 1 . . 1 1 1 3 3 1 1 Utility 2 | . . . 3 4 2 3 2 3 3 4 1 . . Weapon 3 | . 2 4 4 4 4 4 4 4 4 4 1 . . Tool/Special . | . . . . . . . . . . . . . . Unused Backups 21 | . 1 . . . 2 . 3 1 1 3 2 5 3 Power 3 | . 1 . . . . . 1 . . . . . 1 Propulsion 6 | . . . . . . . . . . 1 1 2 2 Utility 8 | . . . . . 1 . 1 . . 2 1 3 . Weapon 4 | . . . . . 1 . 1 1 1 . . . . Tool/Special . | . . . . . . . . . . . . . . Average Slot Usage (%) 92 | . 88 100 100 100 98 99 94 93 93 94 62 57 61 Engine 7 | . 14 14 14 14 7 5 . . . . . . . Core 2 | . . . . . 4 5 1 4 6 4 . . . Reactor 2 | . . . . . . . 11 8 6 4 . 7 6 Treads 20 | . . 27 28 28 25 25 21 20 20 14 5 . . Leg 2 | . 28 . . . . . . . . 10 13 . 2 Flight 1 | . . . . . . . . . . . . 12 11 Device 6 | . 3 6 . . 12 6 13 13 13 11 5 4 9 Storage 8 | . 14 14 14 14 6 6 6 6 6 5 4 . . Processor 9 | . . . . . 12 13 13 13 13 15 26 23 24 Protection 7 | . . 7 14 14 6 8 6 6 6 5 . . . Energy Gun 2 | . . . . . 3 4 4 6 6 3 . 1 3 Energy Cannon 6 | . . 9 14 14 3 2 5 6 3 1 . 3 1 Ballistic Gun 10 | . 28 8 14 14 12 11 8 6 8 10 . . . Peak Build Rating 151 | 6 7 13 15 15 46 63 88 90 87 112 82 125 151 Average Rating 49 | 4 6 10 14 15 41 53 81 87 86 95 63 99 107 On Entrance 41 | . 6 7 13 15 15 44 63 88 86 86 31 23 102 Naked Turns . | . . . . . . . . . . . . . . Heaviest Build 118 | 14 15 25 34 31 118 59 73 74 74 115 62 61 82 Greatest Support 149 | 20 20 40 43 43 93 100 140 133 126 149 36 48 92 Greatest Overweight (x) 3 | 1 . . . . 1 . . . . 1 3 1 2 Average Overweight (x) . | . . . . . . . . . . . . . . Largest Inventory Capacity 25 | 8 8 8 10 10 25 25 10 10 10 20 20 5 5 Average Capacity 10 | 6 8 8 8 10 10 10 10 10 10 17 19 5 5 Most Carried 20 | 4 8 8 10 10 10 10 10 10 10 20 8 5 5 Average Carried 9 | 2 6 7 8 10 8 9 9 10 9 14 6 4 4 Final Capacity 20 | 8 8 8 10 10 10 10 10 10 10 20 5 5 5 Final Carried 10 | 4 7 8 10 10 10 10 10 10 10 8 5 5 5 Class Distribution -------------------- 57% | Mutant 23% | Scavenger-Tank 15% | Scavenger-Gunner Dominant Class ---------------- Mutant | -10/Materials Mutant | -10/Subcaves Mutant | -9/Recycling Mutant | -9/Scraptown Scavenger-Gunner | -6/Factory Scavenger-Tank | -6/Extension Scavenger-Tank | -6/Cetus Scavenger-Tank | -6/Archives Scavenger-Tank | -6/Hub_04(d) Scavenger-Tank | -5/Factory Mutant | -4/Factory Mutant | -3/Research Mutant | -2/Research Resources | -11 -10 -10 -9 -9 -6 -6 -6 -6 -6 -5 -4 -3 -2 ----------- Run | Yrd Mat Sub Rec Scr Fac Ext Cet Arc Hub Fac Fac Res Res Matter Collected 3620 | 204 159 252 189 . 195 617 118 108 140 1002 36 56 544 Remotely . | . . . . . . . . . . . . . . Salvage Created 4966 | . 185 296 51 . 125 935 70 238 721 1303 16 56 970 Parts 225 | . 5 20 7 . 8 49 1 9 30 52 . 3 41 Haulers Intercepted . | . . . . . . . . . . . . . . Recyclers Shooed 7 | . 1 . . . . . . . . 4 1 . 1 Parts Field Recycled . | . . . . . . . . . . . . . . Retrieved Matter . | . . . . . . . . . . . . . . Parts Self-Destructed 17 | . . 17 . . . . . . . . . . . Prevented . | . . . . . . . . . . . . . . Kills | -11 -10 -10 -9 -9 -6 -6 -6 -6 -6 -5 -4 -3 -2 ------- Run | Yrd Mat Sub Rec Scr Fac Ext Cet Arc Hub Fac Fac Res Res Combat Hostiles Destroyed 72 | . 4 9 1 . 2 13 1 3 7 18 1 1 12 Guns 44 | . 4 3 . . 1 12 . 1 6 16 . . 1 Cannons 20 | . . 4 1 . 1 1 1 1 1 2 1 . 7 AOE 5 | . . 2 . . . . . . . . . . 3 Classes Destroyed 15 | . 1 3 . . 2 3 . . 2 3 1 . . Worker 6 | . . . . . . . . . 4 1 . . 1 Builder 4 | . . . . . . 1 . . 1 1 . . 1 Recycler 2 | . . . . . . . . . 1 1 . . . Mechanic 1 | . . . . . . . . . . 1 . . . Operator 4 | . . . . . . 1 . . 1 1 . . 1 Watcher 7 | . . . . . 1 2 . . 2 . . . 2 Swarmer 6 | . . 4 . . . . . . . . . . 2 Grunt 22 | . 4 . . . . 8 . . 2 5 . . 3 Duelist 1 | . . . . . . . . . . . 1 . . Sentry 15 | . . 1 1 . 1 3 . 3 3 3 . . . Specialist 1 | . . . . . . . . . . 1 . . . Hunter 4 | . . . . . . . . . . 2 . . 2 Programmer 16 | . . . . . 1 . . . 2 7 . 1 5 Behemoth 2 | . . . . . . 2 . . . . . . . Cetus Guard 1 | . . . . . . . 1 . . . . . . Subdweller 4 | . . 4 . . . . . . . . . . . Best Kill Streak 6 | . 1 3 1 . 1 4 1 2 6 4 1 1 6 Combat Bots Only 4 | . 1 3 1 . 1 3 1 2 2 4 1 1 3 Max Kills in Single Turn 6 | . 1 2 1 . 1 2 1 1 6 2 1 1 3 Gunslinging . | . . . . . . . . . . . . . . Exploded 2 | . . 2 . . . . . . . . . . 2 Melee . | . . . . . . . . . . . . . . Uniques/NPCs Destroyed . | . . . . . . . . . . . . . . Combat | -11 -10 -10 -9 -9 -6 -6 -6 -6 -6 -5 -4 -3 -2 -------- Run | Yrd Mat Sub Rec Scr Fac Ext Cet Arc Hub Fac Fac Res Res Hostile Shots Fired 1525 | . 33 94 10 . 69 160 11 24 68 458 142 44 412 Missed 502 | . 7 32 2 . 30 62 2 10 35 110 44 13 155 Hits 1023 | . 26 62 8 . 39 98 9 14 33 348 98 31 257 Melee 5 | . . . . . . . . . . . 5 . . Projectile 1018 | . 26 62 8 . 39 98 9 14 33 348 93 31 257 AOE 1 | . . . . . . . . . . 1 . . . Critical Strikes 37 | . 2 1 . . . 1 1 . . 11 8 3 10 Actively Blocked 13 | . . . . . . . . . . . . 3 10 Damage Taken 17200 | . 357 708 116 . 203 1239 191 252 414 5593 2046 779 5302 Core 3090 | . 92 115 17 . 5 98 19 34 29 619 397 190 1475 Absorbed by Shields 1383 | . . . . . . 64 68 88 157 674 . . 332 Reduced by Siege Mode 21 | . . . . . . . . . . 21 . . . Core Remaining (%) 62 | 100 . . . 10 . . . . 78 38 65 85 . Volleys Fired 338 | . 21 37 4 . 12 52 7 11 23 88 21 19 43 Largest 3 | . 2 2 2 . 3 3 3 3 3 3 1 2 3 Hottest 315 | . 40 110 105 . 170 174 195 195 195 270 105 199 315 Shots Fired 665 | . 42 58 8 . 30 127 20 29 58 186 21 23 63 Gun 493 | . 42 24 4 . 19 103 14 18 44 167 . 15 43 Cannon 159 | . . 24 4 . 11 23 6 11 14 19 20 8 19 Launcher 12 | . . 10 . . . 1 . . . . . . 1 Special 1 | . . . . . . . . . . . 1 . . Kinetic 382 | . 42 24 4 . 16 75 13 11 27 136 19 . 15 Thermal 193 | . . 24 4 . 14 28 7 18 31 43 2 3 19 Explosive 12 | . . 10 . . . 1 . . . . . . 1 Electromagnetic 78 | . . . . . . 23 . . . 7 . 20 28 Robot Hit Streak 27 | . 18 15 8 . 7 27 6 19 9 18 18 23 13 Robot Miss Streak 6 | . 2 4 . . 3 6 1 1 3 5 1 1 2 Penetration Max 1 | . . . . . . 1 . . . 1 . . 1 Secondary Targets 8 | . 1 . . . . 2 . . . 5 . . . Max Gunslinging Chain 1 | . 1 . . . . 1 . . . 1 . . . Shots Hit Robots 492 | . 32 36 7 . 18 91 13 20 35 153 16 22 49 Core Hits 260 | . 10 15 2 . 6 40 5 8 20 118 2 3 31 Critical Kills 8 | . . . . . . 1 . 1 1 3 . 1 1 Critical Parts Destroyed 9 | . 2 . . . . 3 . . . 3 . . 1 Critical Strikes 29 | . 2 . . . . 4 . 1 1 8 6 4 3 Meltdown 3 | . . . . . . . . 1 . . . 1 1 Destroy 16 | . 2 . . . . 4 . . 1 8 . . 1 Blast 6 | . . . . . . . . . . . 6 . . Corrupt 4 | . . . . . . . . . . . . 3 1 Melee Attacks 1 | . . 1 . . . . . . . . . . . Impact . | . . . . . . . . . . . . . . Slashing 1 | . . 1 . . . . . . . . . . . Piercing . | . . . . . . . . . . . . . . Sneak Attacks . | . . . . . . . . . . . . . . Combat Hostiles . | . . . . . . . . . . . . . . Follow-up Attacks . | . . . . . . . . . . . . . . Damage Inflicted 14202 | . 416 926 149 . 458 2166 320 529 1824 3783 560 247 2824 Guns 7957 | . 416 219 45 . 215 1619 200 284 741 3341 . 76 801 Cannons 4000 | . . 441 104 . 240 504 120 245 322 442 560 171 851 Explosions 2242 | . . 266 . . . 43 . . 761 . . . 1172 Melee . | . . . . . . . . . . . . . . Ramming 3 | . . . . . 3 . . . . . . . . Kinetic 5948 | . 416 219 45 . 173 1125 200 154 358 2521 525 . 212 Thermal 4649 | . . 441 104 . 282 494 120 375 705 1112 35 130 851 Explosive 1481 | . . 266 . . . 43 . . . . . . 1172 Electromagnetic 2121 | . . . . . . 504 . . 761 150 . 117 589 Impact . | . . . . . . . . . . . . . . Slashing . | . . . . . . . . . . . . . . Piercing . | . . . . . . . . . . . . . . Highest Corruption 9 | . . . . . 2 2 2 2 4 7 . 7 9 Average Corruption 3 | . . . . . 1 2 2 2 2 5 . 6 5 Corruption Purged 3 | . . . . . . . . . . 3 . . . Corruption Blocked . | . . . . . . . . . . . . . . Effects 82 | . . . . . 3 16 2 2 12 20 . 7 20 Message Errors 17 | . . . . . 1 3 . 1 3 4 . 2 3 Matter Fused 14 | . . . . . . 3 . . 1 4 . . 6 Heat Flow Errors 16 | . . . . . . 2 2 1 5 2 . . 4 Energy Discharges 11 | . . . . . 1 2 . . . 3 . 1 4 Parts Rejected 3 | . . . . . . . . . . 1 . 1 1 Data Loss (minor) 5 | . . . . . 1 2 . . . 2 . . . Data Loss (major) 2 | . . . . . . . . . 1 . . 1 . Misfires 2 | . . . . . . . . . . 1 . 1 . Alerts 3 | . . . . . . . . . 1 1 . 1 . Weapon Failures 9 | . . . . . . 4 . . 1 2 . . 2 Overload Shots 2 | . . . . . . . . . . 2 . . . Overflow Damage 301 | . . . . . 8 . . . 98 6 35 . 154 Projectiles 98 | . . . . . 8 . . . . 6 35 . 49 Explosions 203 | . . . . . . . . . 98 . . . 105 Melee . | . . . . . . . . . . . . . . Knockbacks 12 | . . . . . . . . . . . 12 . . Impact . | . . . . . . . . . . . . . . Kinetic 11 | . . . . . . . . . . . 11 . . Secondary 1 | . . . . . . . . . . . 1 . . Self-Inflicted Damage 257 | . . . . . . . . . 179 . . . 78 Shots 3 | . . . . . . . . . 2 . . . 1 Rammed 1 | . . . . . 1 . . . . . . . . Targets Rammed 2 | . . . . . 1 . . . . . . . 1 Kicked 1 | . . . . . . . . . . . . . 1 Crushed . | . . . . . . . . . . . . . . Highest Temperature 490 | . 25 99 245 . 114 386 242 366 354 432 45 257 490 Average Temperature 100 | . 7 51 128 . 34 57 103 116 114 112 13 146 139 Received Heat Transfer 3418 | . 240 264 36 . 18 663 . 42 90 1164 667 . 234 Effects 14 | . . . . . . . 1 . 1 2 . 2 8 Shutdowns 4 | . . . . . . . . . . 1 . . 3 Energy Bleed 3 | . . . . . . . 1 . . . . 1 1 Interference 4 | . . . . . . . . . . . . 1 3 Matter Decay 1 | . . . . . . . . . . . . . 1 Short Circuit 1 | . . . . . . . . . . 1 . . . Damage (minor) 1 | . . . . . . . . . 1 . . . . Siege Activations 1 | . . . . . . . . . . 1 . . . Total Turns 13 | . . . . . . . . . . 13 . . . Longest Duration 13 | . . . . . . . . . . 13 . . . Martial Activations . | . . . . . . . . . . . . . . Shielding Activations . | . . . . . . . . . . . . . . Robots Disrupted . | . . . . . . . . . . . . . . Combat Hostiles . | . . . . . . . . . . . . . . Robots Corrupted 1 | . . . . . . . . . . . . . 1 Combat Hostiles . | . . . . . . . . . . . . . . Parts Fried 15 | . . . . . . 1 . . 5 3 . . 6 Impact Corruptions . | . . . . . . . . . . . . . . Robots Melted 3 | . . . . . . . . 1 . . . 1 1 Combat Hostiles 3 | . . . . . . . . 1 . . . 1 1 Parts Melted 18 | . . . . . 2 1 . 2 . . . 4 9 Heat Transferred 5278 | . . 592 148 . 346 725 148 481 777 1284 37 111 629 Parts Sabotaged . | . . . . . . . . . . . . . . Parts Stolen . | . . . . . . . . . . . . . . Parts Stripped . | . . . . . . . . . . . . . . Power Chain Reactions . | . . . . . . . . . . . . . . Alert | -11 -10 -10 -9 -9 -6 -6 -6 -6 -6 -5 -4 -3 -2 ------- Run | Yrd Mat Sub Rec Scr Fac Ext Cet Arc Hub Fac Fac Res Res Maximum Alert Level 2 | . . . . . . 1 . . 1 . . . 2 Low Security (%) 94 | 100 100 . 100 . 100 93 100 100 96 100 100 100 59 Level 1 3 | . . . . . . 6 . . 3 . . . 26 Level 2 1 | . . . . . . . . . . . . . 13 Level 3 . | . . . . . . . . . . . . . . Level 4 . | . . . . . . . . . . . . . . Level 5 . | . . . . . . . . . . . . . . High Security . | . . . . . . . . . . . . . . Max Security . | . . . . . . . . . . . . . . Peak Influence 481 | . 30 . 121 . 51 253 183 101 232 195 30 20 481 Initial 132 | . . . 121 . . . 132 32 . 109 1 . . Average 49 | . 9 . 15 . 6 52 136 53 25 71 . 1 162 Influence Increases 3939 | . 115 310 43 . 113 772 98 129 478 585 38 51 1207 Destroy 0b10 Robot/C 1640 | . 80 100 20 . 40 460 80 80 140 360 20 20 240 Destroy 0b10 Robot/NC 130 | . . . . . 5 25 5 . 45 25 . . 25 Destroy Leader 316 | . 20 . . . 22 56 . . 54 90 10 . 64 Allied During Kill 153 | . . . . . . 143 8 2 . . . . . Successful Hack 147 | . . . 23 . 30 29 . . 5 30 . 1 29 Disable Machine 165 | . . . . . . . . 45 60 . . . 60 Destroy Structure 443 | . . . . . 1 14 5 2 174 20 8 . 219 Partial Spotted 60 | . . . . . . . . . . . . 15 45 Lose Combat Pursuer 885 | . 15 210 . . 15 45 . . . 60 . 15 525 Influence Decreases 3473 | . 105 66 297 . 113 535 255 208 255 806 41 51 741 Entered New Map 410 | . . 6 133 . . . 105 48 1 115 2 . . Time Decay 2035 | . 105 60 164 . 113 332 130 140 198 441 7 41 304 Search Patrol Dispatched 150 | . . . . . . . . . . . . . 150 Lost Part 619 | . . . . . . 40 . . . 250 32 10 287 Lost Ally 203 | . . . . . . 163 20 20 . . . . . Purge Threat 56 | . . . . . . . . . 56 . . . . Squads Dispatched 25 | . . . . . 1 1 . . 1 5 2 1 14 Investigation 5 | . . . . . . . . . . . 1 . 4 Extermination 9 | . . . . . 1 . . . 1 2 . 1 4 Reinforcement 7 | . . . . . . 1 . . . 2 1 . 3 Assault . | . . . . . . . . . . . . . . Garrison 4 | . . . . . . . . . . 1 . . 3 Intercept . | . . . . . . . . . . . . . . Searches Triggered 1 | . . . . . . . . . . . . . 1 Construction Impeded 1 | . . . . . . . . . . . . . 1 Haulers Reinforced . | . . . . . . . . . . . . . . Active Scanning Responses . | . . . . . . . . . . . . . . Cargo Convoy Interrupts 1 | . . . . . . . . . . 1 . . . Stealth | -11 -10 -10 -9 -9 -6 -6 -6 -6 -6 -5 -4 -3 -2 --------- Run | Yrd Mat Sub Rec Scr Fac Ext Cet Arc Hub Fac Fac Res Res Distress Signals 14 | . . . . . 1 1 1 . . 1 1 . 9 Communications Jammed . | . . . . . . . . . . . . . . Distress Signals . | . . . . . . . . . . . . . . Times Spotted 209 | . 6 15 1 . 6 31 5 4 10 39 9 6 77 Peak Tracking Total 22 | . 2 6 1 . 2 4 5 1 4 8 7 3 22 Tactical Retreats 24 | . 1 3 . . 1 2 . . . 4 . 1 12 Traps | -11 -10 -10 -9 -9 -6 -6 -6 -6 -6 -5 -4 -3 -2 ------- Run | Yrd Mat Sub Rec Scr Fac Ext Cet Arc Hub Fac Fac Res Res Traps Triggered 7 | . . . . . 2 . . . . . 1 1 3 Indirectly . | . . . . . . . . . . . . . . Trap Hack Attempts . | . . . . . . . . . . . . . . Triggered . | . . . . . . . . . . . . . . Disarmed . | . . . . . . . . . . . . . . Reprogrammed . | . . . . . . . . . . . . . . Reused . | . . . . . . . . . . . . . . Traps Extracted . | . . . . . . . . . . . . . . Installed . | . . . . . . . . . . . . . . Triggered . | . . . . . . . . . . . . . . Machines | -11 -10 -10 -9 -9 -6 -6 -6 -6 -6 -5 -4 -3 -2 ---------- Run | Yrd Mat Sub Rec Scr Fac Ext Cet Arc Hub Fac Fac Res Res Machines Disabled 15 | . . 3 . . . 1 . 3 4 . . . 4 Max in Single Turn 3 | . . 3 . . . . . 1 2 . . . 2 Garrison Access 1 | . . . . . . . . . . 1 . . . Network Hub 2 | . . . . . . . . . 2 . . . . Machines Repaired . | . . . . . . . . . . . . . . Machines Dismantled . | . . . . . . . . . . . . . . Machines Sabotaged . | . . . . . . . . . . . . . . Overloaded Fab Kills . | . . . . . . . . . . . . . . Hacking | -11 -10 -10 -9 -9 -6 -6 -6 -6 -6 -5 -4 -3 -2 --------- Run | Yrd Mat Sub Rec Scr Fac Ext Cet Arc Hub Fac Fac Res Res Machines Accessed 60 | . 1 . 12 3 5 11 3 1 4 6 3 4 7 Terminals 37 | . 1 . 6 . 2 11 3 . 4 3 1 1 5 Fabricators 1 | . . . . . 1 . . . . . . . . Repair Stations . | . . . . . . . . . . . . . . Recycling Units 12 | . . . 4 . 2 . . . . 2 1 2 1 Scanalyzers . | . . . . . . . . . . . . . . Garrison Access 4 | . . . . . . . . . . 1 1 1 1 Total Hacks 190 | . 2 . 47 27 13 20 4 3 9 18 4 15 28 Successful 110 | . 2 . 36 27 5 9 . 3 5 6 1 10 6 Failed 80 | . . . 11 . 8 11 4 . 4 12 3 5 22 Catastrophic 21 | . . . 2 . 1 2 2 . . 2 2 2 8 Database Lockouts . | . . . . . . . . . . . . . . Manual 57 | . 1 . 14 . 5 5 1 . 10 8 2 2 9 Terminals 94 | . 2 . 15 . 6 20 4 . 9 12 1 2 23 Fabricators 1 | . . . . . 1 . . . . . . . . Repair Stations . | . . . . . . . . . . . . . . Recycling Units 32 | . . . 8 . 6 . . . . 3 1 11 3 Scanalyzers . | . . . . . . . . . . . . . . Garrison Access 9 | . . . . . . . . . . 3 2 2 2 Terminal Hacks 75 | . 1 . 27 27 1 8 . 3 2 . . 1 5 Record 59 | . 1 . 24 27 . . . 3 . . . 1 3 Robot Analysis 4 | . . . 3 . . 1 . . . . . . . Open Door 7 | . . . . . 1 6 . . . . . . . Branch Access Points 1 | . . . . . . . . . . . . . 1 Emergency Access Points 1 | . . . . . . . . . . . . . 1 Unreport Threat 1 | . . . . . . . . . 1 . . . . Locate Traps 1 | . . . . . . 1 . . . . . . . Zone Layout 1 | . . . . . . . . . 1 . . . . Fabricator Hacks . | . . . . . . . . . . . . . . Repair Station Hacks . | . . . . . . . . . . . . . . Recycling Unit Hacks 19 | . . . 5 . 2 . . . . 3 1 8 . Recycle Component 1 | . . . . . . . . . . . . 1 . Process 1 | . . . . . . . . . . . . 1 . Report Inventory 7 | . . . 4 . 1 . . . . 2 . . . Retrieve Matter 5 | . . . . . . . . . . . . 5 . Retrieve Components 5 | . . . 1 . 1 . . . . 1 1 1 . Scanalyzer . | . . . . . . . . . . . . . . Garrison Access Hacks 1 | . . . . . . . . . . 1 . . . Seal Access 1 | . . . . . . . . . . 1 . . . Unauthorized Hacks 15 | . 1 . 4 . 2 1 . . 3 2 . 1 1 Terminals 14 | . 1 . 4 . 2 1 . . 3 2 . . 1 Track 1 | . . . . . . . . . . . . . 1 Botnet 11 | . 1 . 4 . 1 1 . . 3 1 . . . Operators 2 | . . . . . 1 . . . . 1 . . . Fabricators . | . . . . . . . . . . . . . . Repair Stations . | . . . . . . . . . . . . . . Recycling Units 1 | . . . . . . . . . . . . 1 . Monitor 1 | . . . . . . . . . . . . 1 . Scanalyzers . | . . . . . . . . . . . . . . Garrison Access . | . . . . . . . . . . . . . . Data Cores Recovered 2 | . . . . . . . . . . 1 . . 1 Used 1 | . . . . . . . . . . 1 . . . Hacking Detections 39 | . 1 . 8 . 3 7 3 . 4 3 1 2 7 Full Trace Events 3 | . . . . . . . . . . . . . 3 Feedback Events . | . . . . . . . . . . . . . . Feedback Blocked . | . . . . . . . . . . . . . . Robot Schematics Acquired . | . . . . . . . . . . . . . . Robots Built . | . . . . . . . . . . . . . . Authchips . | . . . . . . . . . . . . . . Time . | . . . . . . . . . . . . . . Total Robot Build Rating . | . . . . . . . . . . . . . . Part Schematics Acquired . | . . . . . . . . . . . . . . Parts Built . | . . . . . . . . . . . . . . Authchips . | . . . . . . . . . . . . . . Time . | . . . . . . . . . . . . . . Total Part Build Rating . | . . . . . . . . . . . . . . Parts Repaired . | . . . . . . . . . . . . . . Time . | . . . . . . . . . . . . . . Parts Recycled 1 | . . . . . . . . . . . . 1 . Recycled Matter 40 | . . . . . . . . . . . . 40 . Retrieved Matter 40 | . . . . . . . . . . . . 40 . Retrieved Components 8 | . . . 2 . 1 . . . . 2 3 . . Parts Scanalyzed . | . . . . . . . . . . . . . . Part Schematics Acquired . | . . . . . . . . . . . . . . Parts Damaged . | . . . . . . . . . . . . . . Bothacking | -11 -10 -10 -9 -9 -6 -6 -6 -6 -6 -5 -4 -3 -2 ------------ Run | Yrd Mat Sub Rec Scr Fac Ext Cet Arc Hub Fac Fac Res Res Used RIF Installer . | . . . . . . . . . . . . . . Robots Hacked . | . . . . . . . . . . . . . . Non-combat . | . . . . . . . . . . . . . . Combat . | . . . . . . . . . . . . . . Robot Hacks Applied . | . . . . . . . . . . . . . . Relay Couplers Released . | . . . . . . . . . . . . . . Fabnet Peak Effective % . | . . . . . . . . . . . . . . Robots Rewired 6 | . . . . . . 6 . . . . . . . Allies Hacked . | . . . . . . . . . . . . . . Hacks Repelled . | . . . . . . . . . . . . . . Allies | -11 -10 -10 -9 -9 -6 -6 -6 -6 -6 -5 -4 -3 -2 -------- Run | Yrd Mat Sub Rec Scr Fac Ext Cet Arc Hub Fac Fac Res Res Total Allies 15 | . . . . . . 15 . . . . . . . Largest Group 10 | . . . . . . 10 2 1 . . . . . Highest-Rated Group 298 | . . . . . . 298 67 39 . . . . . Highest-Rated Ally 39 | . . . . . . 39 39 39 . . . . . Total Orders . | . . . . . . . . . . . . . . Ally Attacks 140 | . . . . . . 126 11 3 . . . . . Total Damage 2488 | . . . . . . 2264 155 69 . . . . . Kills 19 | . . . . . . 14 4 1 . . . . . Allies Corrupted . | . . . . . . . . . . . . . . Allies Melted . | . . . . . . . . . . . . . . Intel | -11 -10 -10 -9 -9 -6 -6 -6 -6 -6 -5 -4 -3 -2 ------- Run | Yrd Mat Sub Rec Scr Fac Ext Cet Arc Hub Fac Fac Res Res Active Infowar (turns) 3215 | . . . . . 812 68 . . . 522 529 529 755 Optics 2872 | . . . . . 812 68 . . . 179 529 529 755 IFF 855 | . . . . . . . . . . 343 510 2 . Machine Analysis 315 | . . . . . . . . . . . . . 315 Cloaking 202 | . . . . . . . . . . . . . 202 Robot Analysis Total 4 | . . . 3 . . 1 . . . . . . . Derelict Logs Recovered 5 | . . 2 . 3 . . . . . . . . . Drone Launches . | . . . . . . . . . . . . . . Drone Recoveries . | . . . . . . . . . . . . . . Exploration | -11 -10 -10 -9 -9 -6 -6 -6 -6 -6 -5 -4 -3 -2 ------------- Run | Yrd Mat Sub Rec Scr Fac Ext Cet Arc Hub Fac Fac Res Res Turns Passed 12209 | 71 297 1562 1099 2391 814 1346 269 295 597 1598 529 529 812 Spaces Moved 8404 | 46 187 843 656 1489 461 607 144 155 321 841 259 999 1396 Core 41 | 4 . . . . . . . . . . 37 . . Treads 5211 | . . 843 656 1489 461 607 144 155 321 535 . . . Legs 873 | 42 187 . . . . . . . . 306 222 22 94 Wheels . | . . . . . . . . . . . . . . Hover 11 | . . . . . . . . . . . . 11 . Flight 2268 | . . . . . . . . . . . . 966 1302 Fastest Speed 23 | 50 120 160 160 160 160 160 160 160 160 120 50 39 23 Average Speed 124 | 124 120 160 160 160 160 160 160 160 160 148 170 44 41 Slowest Speed 330 | 190 120 160 160 160 240 160 160 160 160 250 330 145 260 Overloaded Moves 9 | . . . . . . . . . . . . . 9 Propulsion Burnouts . | . . . . . . . . . . . . . . Robots Hopped 18 | . . . . . . . . . . . . 2 16 Potential Cave-ins . | . . . . . . . . . . . . . . Cave-ins Triggered . | . . . . . . . . . . . . . . Exploration Rate (%) 43 | 4 26 47 97 58 13 79 60 85 33 25 10 21 45 Regions Visited 13 Branch Regions 7 Pre-discovered Areas 3 | . . 2 . 1 . . . . . . . . . Known Exits Taken 8 | . . . . . 1 1 1 1 1 1 1 1 . Unknown Exits Taken 5 | 1 1 1 1 1 . . . . . . . . . Scrap Searched 1 | . . 1 . . . . . . . . . . . Spaces Dug 4 | . . . . . . . . . . 1 3 . . Terrain Destroyed 466 | . . 42 . . 1 8 . 2 311 9 4 . 89 Melee . | . . . . . . . . . . . . . . Projectile 30 | . . 5 . . 1 . . 2 6 9 4 . 3 AOE 436 | . . 37 . . . 8 . . 305 . . . 86 Terrain Rammed . | . . . . . . . . . . . . . . Walls Destroyed . | . . . . . . . . . . . . . . Machines Disabled . | . . . . . . . . . . . . . . Actions | -11 -10 -10 -9 -9 -6 -6 -6 -6 -6 -5 -4 -3 -2 --------- Run | Yrd Mat Sub Rec Scr Fac Ext Cet Arc Hub Fac Fac Res Res Total 9545 | 56 217 996 700 1498 513 876 172 188 361 1039 330 1062 1537 Wait 271 | . 1 86 23 10 . 62 1 3 6 28 23 2 26 Move 8357 | 45 186 842 655 1488 460 606 143 154 320 840 258 994 1366 Hop 16 | . . . . . . . . . . . . 2 14 Pick Up 109 | 4 4 8 6 . 11 12 4 4 4 27 6 11 8 Fast Attach 67 | 6 . 1 . . 4 3 3 2 . 2 1 12 33 Attach 63 | . 1 . 1 . 7 5 . . . 20 11 7 11 Detach 15 | . . . . . . . . . . 1 5 5 4 Swap 90 | 1 2 13 5 . 10 23 4 4 4 21 . . 3 Drop 102 | . 2 8 6 . 8 17 10 10 4 12 5 10 10 Fire 338 | . 21 37 4 . 12 52 7 11 23 88 21 19 43 Melee 1 | . . 1 . . . . . . . . . . . Ram . | . . . . . . . . . . . . . . Kick 1 | . . . . . . . . . . . . . 1 Crush 1 | . . . . . 1 . . . . . . . . Escape Stasis 18 | . . . . . . . . . . . . . 18 Rewire 96 | . . . . . . 96 . . . . . . . Trap . | . . . . . . . . . . . . . . Miscellaneous . | . . . . . . . . . . . . . . Route ------- -11/Scrapyard -10/Materials (discovered 2 exits: [*Min] / [*Sub]) -10/Subcaves -9/Recycling -9/Scraptown -6/Factory (discovered 4 exits: *Fac x3 / *Ext) -6/Extension (discovered 3 exits: *Fac x2 / *Cet) -6/Cetus -6/Archives (discovered 3 exits: *Fac / *Hub x2) -6/Hub_04(d) -5/Factory -4/Factory -3/Research -2/Research (discovered 3 exits: [*Acc] / Tes x2) History --------- Turn | Location | Event 4 | -11/Scrapyard | Discovered new exit (range 16) 72 | -11/Scrapyard | Entered Materials 271 | -10/Materials | Discovered new exit (range 13) 320 | -10/Materials | Build established: Mutant 359 | -10/Materials | Discovered new exit (range 9) 369 | -10/Materials | Entered Subcaves 960 | -10/Subcaves | Core integrity fell below 50% 1027 | -10/Subcaves | A swath of the cavern ceiling suddenly collapsed 1113 | -10/Subcaves | Shifting Twisted Machinery released Mak. Flight Unit 1114 | -10/Subcaves | Shifting Twisted Machinery released Mak. Light Armor Plating 1115 | -10/Subcaves | Learned location of 1 exit from Materials 1343 | -10/Subcaves | Learned location of Zion (-7) 1343 | -10/Subcaves | Met a Zionite searching for "candidates" 1884 | -10/Subcaves | Discovered new exit (range 10) 1918 | -10/Subcaves | Core integrity fell below 20% 1931 | -10/Subcaves | Entered Recycling 2959 | -9/Recycling | Scanned before Scraplab entrance 2982 | -9/Recycling | Entered Scraplab 3007 | -9/Recycling | Discovered new exit (range 3) 3030 | -9/Recycling | Entered Scraptown 3280 | -9/Scraptown | Heard Great Nut preacher, LISTEN AND RECITE! 3290 | -9/Scraptown | Visited Shadow of the Wyrm 3346 | -9/Scraptown | Visited Spacefarers 3430 | -9/Scraptown | Visited Cyclists 3517 | -9/Scraptown | Scanned Subdweller tech in exchange for log data 3522 | -9/Scraptown | Learned 12 Factory zone layouts 3523 | -9/Scraptown | Learned location of Warlord (-5) 3525 | -9/Scraptown | Learned Research emergency access door positions 3558 | -9/Scraptown | Discovered new exit (range 5) 3910 | -9/Scraptown | Visited UFD Registry 3939 | -9/Scraptown | Visited SPCMW 4370 | -9/Scraptown | Visited Cave Peace 4432 | -9/Scraptown | Visited CPS Storage 5421 | -9/Scraptown | Entered Factory 5421 | -6/Factory | Evolved 8 slots: Power x1, Propulsion x2, Utility x4, Weapon x1 5422 | -6/Factory | Identified exit to Factory 5422 | -6/Factory | Identified exit to Extension 5767 | -6/Factory | Build established: Scavenger-Gunner 5777 | -6/Factory | Spotted B-75 Beast 5836 | -6/Factory | Discovered exit to Factory (range 10) 6235 | -6/Factory | Entered Extension 6463 | -6/Extension | Rescued a captive Derelict 6673 | -6/Extension | Rescued a captive Derelict 6673 | -6/Extension | Rescued a captive Derelict 6793 | -6/Extension | Rescued a captive Derelict 6795 | -6/Extension | Rescued a captive Derelict 6839 | -6/Extension | Spotted B-75 Beast 6902 | -6/Extension | Destroyed B-75 Beast 6910 | -6/Extension | Spotted B-75 Beast 6932 | -6/Extension | Lost 5 allies 6956 | -6/Extension | Destroyed B-75 Beast 6976 | -6/Extension | Lost 3 parts (1p1n1u) 6987 | -6/Extension | Discovered exit to Factory (range 3) 7057 | -6/Extension | Rescued a captive Derelict 7058 | -6/Extension | Rescued a captive Derelict 7208 | -6/Extension | Build established: Scavenger-Tank 7265 | -6/Extension | Rescued a captive Derelict 7265 | -6/Extension | Rescued a captive Derelict 7412 | -6/Extension | Lost 5 allies 7461 | -6/Extension | Discovered exit to Factory (range 10) 7462 | -6/Extension | Discovered new exit (range 6) 7533 | -6/Extension | Lost 3 allies 7576 | -6/Extension | Identified exit to Cetus 7581 | -6/Extension | Entered Cetus 7581 | -6/Cetus | Accompanied by 2 allies 7601 | -6/Cetus | Spotted Cetus Guard 7602 | -6/Cetus | Spotted Cetus Guard 7608 | -6/Cetus | Allies destroyed Cetus Guard 7608 | -6/Cetus | Spotted Cetus Guard 7612 | -6/Cetus | Allies destroyed Cetus Guard 7617 | -6/Cetus | Destroyed Cetus Guard 7617 | -6/Cetus | Spotted Cetus Guard 7621 | -6/Cetus | Allies destroyed Cetus Guard 7814 | -6/Cetus | Discovered new exit (range 16) 7837 | -6/Cetus | Identified exit to Archives 7850 | -6/Cetus | Entered Archives 7850 | -6/Archives | Accompanied by 1 ally 7921 | -6/Archives | Unable to access archive contents 7941 | -6/Archives | Discovered exit to Factory (range 16) 7969 | -6/Archives | Unable to access archive contents 7975 | -6/Archives | Discovered new exit (range 14) 7996 | -6/Archives | Unable to access archive contents 8039 | -6/Archives | Unable to access archive contents 8046 | -6/Archives | Discovered new exit (range 16) 8075 | -6/Archives | Identified exit to Hub_04(d) 8145 | -6/Archives | Entered Hub_04(d) 8561 | -6/Hub_04(d) | Discovered exit to Factory (range 11) 8722 | -6/Hub_04(d) | Network Hub disabled 8722 | -6/Hub_04(d) | Network Hub disabled 8742 | -6/Hub_04(d) | Entered Factory 8742 | -5/Factory | Evolved 2 slots: Propulsion x1, Utility x1 9247 | -5/Factory | Spotted B-75 Beast 9732 | -5/Factory | Cargo convoy interrupted 9775 | -5/Factory | Garrison activated, responded to threat 10011 | -5/Factory | Build established: Scavenger-Gunner 10256 | -5/Factory | Discovered new exit (range 8) 10315 | -5/Factory | Core integrity fell below 50% 10337 | -5/Factory | Identified exit to Factory 10340 | -5/Factory | Entered another Factory area 10340 | -4/Factory | Evolved 2 slots: Utility x2 10367 | -4/Factory | Lost 20 parts (3p8n3u6w) 10617 | -4/Factory | Build established: Mutant 10862 | -4/Factory | Discovered new exit (range 7) 10864 | -4/Factory | Identified exit to Research 10869 | -4/Factory | Entered Research 10869 | -3/Research | Evolved 2 slots: Propulsion x1, Utility x1 10881 | -3/Research | Lost 7 parts (3n3u1w) 11001 | -3/Research | Found Prototype Launcher 11047 | -3/Research | Found Quantum Capacitor 11153 | -3/Research | Identified Adv. Micro-nuke Launcher 11240 | -3/Research | Lost 4 parts (2u2w) 11295 | -3/Research | Discovered new exit (range 22) 11398 | -3/Research | Identified exit to Research 11398 | -3/Research | Entered another Research area 11398 | -2/Research | Evolved 2 slots: Propulsion x2 11597 | -2/Research | Spotted B-90 Cyclops 11720 | -2/Research | Lost 5 parts (1p2n2w) 11886 | -2/Research | Garrison activated, responded to threat 11901 | -2/Research | Core integrity fell below 50% 11921 | -2/Research | Identified exit to Testing 11933 | -2/Research | Lost 16 parts (1p5n2u8w) 11992 | -2/Research | Found Prototype Device 11992 | -2/Research | Identified Adv. Kinecellerator 12093 | -2/Research | Found Prototype Processor 12093 | -2/Research | Identified Exp. Melee Analysis Suite 12148 | -2/Research | Search patrols dispatched 12152 | -2/Research | Core integrity fell below 20% 12209 | -2/Research | Lost 4 parts (2n2u) 12209 | -2/Research | Discovered new exit (range 10) 12210 | -2/Research | Destroyed by H-81 Overseer with Heavy Linear Accelerator Last Messages --------------- P-80 Master resets R-10 Processor, system corruption cleaned. System corrupted: Energy discharge (-46). Connecting with Terminal... >>Query(Hypervelocity EM Gauss Rifle) Unlike other [Hypervelocity Weapons] that rely on solid projectiles, this version of the gauss rifle was successfully modified to fire a hypervelocity EM shell which emits a pulse on each penetration, disabling nearly every component or core it passes through. ALERT: Suspicious activity at Terminal R018. Dispatching Investigation squad. [Achievement: Party Time] Field Propulsion Array destroyed. Dropped Nova Cannon. System corrupted: Heat flow error (+133). EXIT=FOUND System corrupted: Graphene Brace rejected. [Achievement: Back For More] Map ----- +----------------------------------------------------+ | ?????????????????????????????????????????????????? | | ?????????????????????????????????????????????????? | | ?????????????????????????????????????????????????? | | ?????????????????????????????????????????????????? | | ?????????????????????????????????????????????????? | | ?????????????????????????????????????????????????? | | ?????????????????????????????????????????????????? | | ?????????????????????????????????????????????????? | | ?????????????????????????????????????????????????? | | ?????????????????????????????????????????????????? | | ????????????????????????? ???????????????????????? | | ????????????????????????? ???????????????????????? | | ????????????????????????? ???????????????????????? | | ????????????????????????? ???????????????????????? | | ????????????????????????? ???????????????????????? | | ????????????????????????# #??????????????????????? | | ???????????????????????? ??????????????????????? | | ???????????????????????? < ??????????????????????? | | ???????????????????????? t??????????????????????? | | ????????????????????????# #??????????????????????? | | ????????????????????????#H#??????????????????????? | | ????????????????????????# #??????????????????????? | | ??????????? ?????????# ??????????????????????? | | ??????????# ?????????# #??????##########??????? | | ??????????# #????????# #????? #??????? | | ??????????# #????????#@#????? #??????? | | ??????????# #????????#%#???? #??????? | | ??????????# #????????#!####? #??????? | | ??????????# #????????# # #??????? | | ??????????# #????????# # #??????? | | ??????????# #????????# + #??????? | | ??????????# #????????+ # #??????? | | ??????????# #????????# # #??????? | | ??????????# #????????# #? #??????? | | ??????????# ########## #? #??????? | | ??????????# #?? = #??????? | | ??????????# #??###########??????? | | ??????????# #???????????????????? | | ??????????# #???????????????????? | | ??????????# ###############???????????????????? | | ??????###?# # ????????????????????????? | | +######T ## # #???????????????????????? | | # #???????????????????????? | | # #???????????????????????? | | # ! "T" #???????????????????????? | | # """ ????????????????????????? | | #######+### # ??????????????????????????? | | ??????????# # ????????????????????????????? | | ??????????# ###+##############????????????????? | | ??????????# ^ ???????????????? | +----------------------------------------------------+ Best States ------------- Heat Dissipation 71 Energy Generation 43 Energy Capacity 565 Matter Stores 300 Matter Capacity 300 Sight Range 22 Terrain Scan Density 10 Cloak Strength 3 Additional Mass Support 9 Armor Coverage 450 Resistance: TH 30 Weapon Cycling 25 Evasion (%) 64 Targeting Accuracy 24 Melee Accuracy 12 Target Analysis 8 Core Analysis 6 Recoil Reduction 5 Offensive Hacking 10 Item Schematics ----------------- None Robot Schematics ------------------ None Fabricated ------------ Nothing Repaired ---------- Nothing Alien Tech Used ----------------- None Achievements -------------- Back For More Party Time Prolific Hacker Challenges ------------ None Game ------ Seed EtherialBeamWarhead Manual? 0 Play Time 03:14:38 Cumulative 69.2 hours Start 2025.08.02 @ 03:08:21 End 2025.08.03 @ 05:19:57 Sessions 7 Manual Loads 0 Difficulty Rogue Special Mode None Game No. 51 Rogue 51 Adventurer 0 Explorer 0 Win Type - Total 0 Types 0/0/0/0/0/0/0/0/0/0 Lore% 32 Gallery% 42 Achievement% 38 Wizard Run 0 Options --------- Layout 1 ASCII 0 Keyboard 0 Movement Arrows Keybinds 0 Fullscreen 2 Font 24/Smallcaps Map View 50x35 Zoom Use 0% Tactical HUD 0 Map Filters NONE Filters NONE Steam 1 RUN: ad52f575-6c8c-43e5-a16a-2f36b9b3dcab